 Dungeon Crawl Stone Soup version 0.30-a0-371-gad7725a93e (webtiles) character file.

Game seed: 15643885816584443191

109 retardedninja the Trooper (level 4, -5/41 HPs)
             Began as a Minotaur Fighter on Nov 21, 2022.
             Killed by nerve-wracking pain
             ... invoked by Grinder
              (12 damage)
             ... on level 3 of the Dungeon.
             The game lasted 00:02:55 (1382 turns).

retardedninja the Trooper (Minotaur Fighter)        Turns: 1382, Time: 00:02:56

Health: -5/41      AC:  7    Str: 22    XL:     4   Next: 59%
Magic:  3/3        EV:  9    Int:  5    God:
Gold:   99         SH:  4    Dex: 10    Spells: 3/3 levels left

rFire   . . .      SeeInvis .    a - +0 war axe
rCold   . . .      Faith    .    c - +0 buckler
rNeg    . . .      Spirit   .    b - +0 scale mail
rPois   +          Reflect  .    (helmet restricted)
rElec   .          Harm     .    (no cloak)
rCorr   .          Rampage  .    (no gloves)
Will    .....                    (no boots)
Stlth   ..........               (no amulet)
HPRegen 0.26/turn                l - ring of poison resistance
MPRegen 0.08/turn                (no ring)

@: no status effects
A: horns 2, retaliatory headbutt
a: no special abilities


You were on level 3 of the Dungeon.
You visited 1 branch of the dungeon, and saw 3 of its levels.

You collected 99 gold pieces.

Inventory:

Hand Weapons
 a - a +0 war axe (weapon)
Armour
 b - a +0 scale mail (worn)
 c - a +0 buckler (worn)
Jewellery
 l - a ring of poison resistance (left hand)
Scrolls
 e - 4 scrolls of enchant armour {unknown}
 g - 3 scrolls of identify {unknown}
 h - 3 scrolls of teleportation {unknown}
 i - a scroll of magic mapping {unknown}
 j - a scroll of summoning {unknown}
 p - a scroll of brand weapon {unknown}
Potions
 d - 3 potions of might
 f - a potion of degeneration {unknown}
 k - 2 potions of heal wounds {unknown}
 m - 2 potions of curing {unknown}
 n - a potion of lignification {unknown}
 o - a potion of invisibility {unknown}
 q - a potion of flight {unknown}


   Skills:
 + Level 4.5 Fighting
 + Level 3.6 Axes
 + Level 4.4 Armour
 + Level 4.4 Shields


You had 3 spell levels left.
You didn't know any spells.
Your spell library contained the following spells:

 Spells                   Type           Power      Damage    Failure   Level
 Apportation              Tloc           0%         N/A       87%         1
 Necrotise                Necr           0%         1d4       87%         1
 Summon Small Mammal      Summ           0%         N/A       87%         1


Dungeon Overview and Level Annotations

Branches:
Dungeon (3/15)

Altars:

Shops:
D:2 [

Annotations:
D:3 Grinder


Innate Abilities, Weirdness & Mutations

You have a pair of horns on your head.
You reflexively headbutt those who attack you in melee.


Message History

You barely miss Grinder. Grinder hits you!
Grinder is nearby!
You hit Grinder.
Grinder is lightly wounded.
Grinder hits you but does no damage.
Unknown command.
You slash Grinder!
Grinder is moderately wounded.
Grinder gestures at you. Pain shoots through your body!
Grinder blinks!
Unknown command.
No target in view!
Unknown command.
Unknown command.
No target in view!
Unknown command.
No target in view!
Unknown command.
Grinder gestures at you. Pain shoots through your body!
You slash Grinder! You headbutt Grinder.
Grinder is severely wounded.
You block Grinder's attack.
You slash Grinder!
Grinder is almost dead.
Grinder hits you.
You writhe in agony.
You closely miss Grinder.
Grinder is almost dead.
Grinder hits you.
* * * LOW HITPOINT WARNING * * *
You writhe in agony.
* * * LOW HITPOINT WARNING * * *
Grinder blinks!
Okay, then.
You block Grinder's attack.
You barely miss Grinder.
Grinder is almost dead.
Grinder gestures at you. Pain shoots through your body!
You die...

......#.###....#
#...###.# #....#
#...# #.#
####.#### #..##
#.# #.......#
##.# #.#
#.##.##.# ...
#.# # #.##.# ##
#.# #.##.# ..#
#..ยง.# ###@.#
#....!5.#
######.## #.#
.## #


You could see Grinder.

Vanquished Creatures
  Terence (D:3)
  An orc wizard (D:3)
  A worm (D:2)
  4 orcs (D:3)
  4 ball pythons
  11 endoplasms
  2 giant cockroaches
  6 hobgoblins
  2 kobolds (D:1)
  A quokka (D:2)
  3 bats
  A frilled lizard (D:3)
  5 goblins (D:1)
  3 rats (D:1)
45 creatures vanquished.

Notes
Turn   | Place    | Note
-------+----------+-------------------------------------------
     0 | D:1      | retardedninja the Minotaur Fighter began the quest for the
                  | Orb.
     0 | D:1      | Reached XP level 1. HP: 19/19 MP: 0/0
    23 | D:1      | Reached XP level 2. HP: 24/27 MP: 1/1
   310 | D:1      | Reached XP level 3. HP: 32/33 MP: 2/2
   982 | D:2      | Found Plog's Antique Armour Boutique.
  1215 | D:3      | Noticed Terence
  1218 | D:3      | Killed Terence
  1219 | D:3      | Reached XP level 4. HP: 41/41 MP: 3/3
  1370 | D:3      | Noticed Grinder
  1382 | D:3      | Killed from afar by Grinder

Illustrated notes

Levels and vault maps discovered:
D:1:      dpeg_arrival_ternary, layout_rooms
D:2:      layout_basic, serial_shops, nicolae_shop_overgrown_old_shop,
          minmay_misc_feat_nine_boxes
D:3:      layout_loops_ring, marbit_many_paths, uniq_terence, uniq_grinder,
          uniq_ijyb

Skill      XL: |  1  2 |
---------------+-------+-----
Fighting       | 4 |  4.5
Armour         | 4 |  4.4
Shields        | 4 |  4.4
Axes           | 3 |  3.6

Action                   |  1- 3 |  4- 6 || total
-------------------------+-------+-------++-------
Melee: War axe           |    53 |    28 ||    81
       Headbutt          |     7 |     2 ||     9
Armor: Scale mail        |    21 |    14 ||    35
Dodge: Dodged            |    36 |     8 ||    44
Block: Buckler           |     8 |     6 ||    14

Table legend: (Time is in decaauts)
 A = Elapsed time spent in this place.
 B = Non-inter-level travel time spent in this place.
 C = Inter-level travel time spent in this place.
 D = Time resting spent in this place.
 E = Time spent auto-exploring this place.
 F = Levels seen in this place.
 G = Mean time per level.
                   A        B        C        D        E       F      G
               +--------+--------+--------+--------+--------+-----+--------+
         Total |   1412 |   1345 |     67 |      0 |   1100 |   3 |  470.7 |
       Dungeon |   1412 |   1345 |     67 |      0 |   1100 |   3 |  470.7 |
               +--------+--------+--------+--------+--------+-----+--------+

Top non-repeatable levels by time:
     D:1: 579 daAuts
     D:2: 572 daAuts
     D:3: 261 daAuts
